 Dungeon Crawl Stone Soup version 0.32-a0-918-g0f22ef8d61 (webtiles) character file.

Game seed: 14663786142594557868

378 ezpacito the Trooper (level 6, -16/48 HPs)
             Began as a Coglin Chaos Knight on Apr 11, 2024.
             Was a Plaything of Xom.
             Demolished by a crocodile (19 damage)
             ... in a sewer.
             The game lasted 00:02:49 (3035 turns).

ezpacito the Trooper (Coglin Chaos Knight)          Turns: 3035, Time: 00:02:50

Health: -16/48     AC:  9    Str: 13    XL:     6   Next: 74%
Magic:  7/7        EV:  8    Int: 11    God:    Xom [.*....]
Gold:   186        SH:  0    Dex: 13    Spells: 7/7 levels left

rFire   + + .        a - +0 hand axe (chaos) {Lars}
rCold   . . .        l - +0 trident {Hidetaka}
rNeg    . . .        m - +2 scale mail {rF+}
rPois   .            (no helmet)
rElec   .            f - +0 cloak
rCorr   .            (no gloves)
SInv    .            (no boots)
Will    .....        (amulet unavailable) Stlth
                     (ring unavailable)
HPRegen 0.28/turn    (ring unavailable)
MPRegen 0.10/turn    (no gizmo)

%: no passive effects
@: revved
A: off-hand wielding, slow wielding, warmup strikes, no jewellery, fire
resistance 1, sense surroundings 1, weak 1, persistent drain
a: Invent Gizmo, Renounce Religion


You were in a sewer.
You worshipped Xom.
You were a plaything of Xom.
You visited 1 branch of the dungeon, and saw 4 of its levels.
You also visited: Sewer.

You collected 186 gold pieces.

Inventory:

Hand Weapons
 a - a +0 hand axe of chaos (weapon) {Lars}
 l - a +0 trident (offhand) {Hidetaka}
Missiles
 s - 2 javelins (quivered)
Armour
 f - a +0 cloak (worn)
 m - a +2 scale mail of fire resistance (worn)
Magical Staves
 e - a staff of air
 r - a staff of conjuration
Talismans
 c - a beast talisman
 d - a flux talisman
Wands
 k - a wand of polymorph (1)
 o - a wand of quicksilver (13)
Scrolls
 g - a scroll of fog
 j - a scroll of vulnerability
 p - a scroll of poison
Potions
 b - 3 potions of heal wounds {unknown}
 h - a potion of might {unknown}
 i - a potion of resistance {unknown}
 n - a potion of cancellation {unknown}
 q - a potion of curing


   Skills:
 * Level 3.9 Fighting
 * Level 3.8(4.2) Axes
 * Level 2.1(3.1) Polearms
 * Level 2.8 Armour
 * Level 2.2 Dodging
 + Level 1.5 Stealth
 + Level 1.1 Spellcasting
 + Level 1.9 Evocations
 + Level 0.8 Shapeshifting


You had 7 spell levels left.
You didn't know any spells.
Your spell library contained the following spells:

 Spells                   Type           Power      Damage    Failure   Level
 Slow                     Hex            0%         N/A       82%         1
 Call Canine Familiar     Summ           0%         N/A       99%         3
 Confusing Touch          Hex            0%         N/A       99%         3
 Sigil of Binding         Hex            0%         N/A       99%         3
 Vampiric Draining        Necr           0%         2d6       99%         3
 Dimensional Bullseye     Hex/Tloc       0%         N/A       100%        4


Dungeon Overview and Level Annotations

Branches:
Dungeon (4/15)              Sewer (1/1)
 Temple: D:4-7

Altars:
Hepliaklqana


Innate Abilities, Weirdness & Mutations

You can wield a second weapon in your off-hand.
It takes a long time for you to wield or remove held weapons.
Your first few attacks do less damage.
You cannot equip rings or amulets.
Your flesh is heat resistant. (rF+)
You passively map a small area around you.
You are weak. (Str -2)
Your health recovers twice as slowly from being drained.


Message History

You closely miss the crocodile with your +0 trident.
The crocodile barely misses you.
Your unstable footing causes you to fumble your attack.
You closely miss the crocodile with your +0 trident.
The crocodile bites you. The crocodile drags you backwards!
You take 6 damage, and have 35/48 hp.
You hit the crocodile with your +0 hand axe of chaos.
The crocodile is severely wounded.
You hit the crocodile with your +0 trident.
The crocodile bites you! The crocodile drags you backwards!
You take 8 damage, and have 27/48 hp.
You are too injured to fight recklessly!
You are too injured to fight recklessly!
You are too injured to fight recklessly!
You are too injured to fight recklessly!
You are too injured to fight recklessly!
You are too injured to fight recklessly!
You are too injured to fight recklessly!
A crocodile is nearby!
You are too injured to fight recklessly!
You barely miss the crocodile with your +0 trident.
The crocodile is severely wounded.
You hit the crocodile but do no damage.
The crocodile seems to grow stronger.
The crocodile bites you. The crocodile drags you backwards!
A rat comes into view.
You take 5 damage, and have 22/48 hp.
You closely miss the crocodile with your +0 hand axe of chaos.
The crocodile is severely wounded.
You miss the crocodile with your +0 trident.
The rat squeaks loudly.
The crocodile bites you!!
* * * LOW HITPOINT WARNING * * *
A shower of butterflies erupts from you!
You take 20 damage, and have 2/48 hp.
MASSIVE DAMAGE!!
You hit the crocodile with your +0 hand axe of chaos.
The crocodile is almost dead.
You closely miss the crocodile with your +0 trident.
The crocodile bites you!!
You die...
Xom laughs nastily!

* * * **** ** * ~
~, ~ ~ * ,~ ~ ~ ~
*
#################
.r..b.l@b.~~~~∩∩#
,.~########b~~~###
,, ##.~## * ####


You could see a crocodile (strong, ally target) and a rat.

Vanquished Creatures
  An ogre (D:4)
  A scorpion (D:4)
  An iguana (D:4)
  Jessica (D:2)
  Terence (D:2)
  3 gnolls (D:3)
  5 adders
  A white imp (D:4)
  3 dart slugs
  2 orcs
  7 ball pythons
  7 bats
  5 endoplasms
  5 giant cockroaches
  4 goblins
  8 hobgoblins
  7 jackals
  2 quokkas (D:1)
  4 frilled lizards
  4 kobolds
  3 rats
75 creatures vanquished.

Vanquished Creatures (collateral kills)
  A jackal (D:4)
1 creature vanquished.

Vanquished Creatures (others)
  A bat zombie (D:3)
  A hobgoblin zombie (D:2)
2 creatures vanquished.

Grand Total: 78 creatures vanquished

Notes
Turn   | Place    | Note
-------+----------+-------------------------------------------
     0 | D:1      | ezpacito the Coglin Chaos Knight began the quest for the
                  | Orb.
     0 | D:1      | Reached XP level 1. HP: 18/18 MP: 1/1
   103 | D:1      | XOM: silly message
   106 | D:1      | Reached skill level 1 in Dodging
   235 | D:1      | Reached XP level 2. HP: 24/24 MP: 2/2
   649 | D:1      | XOM: silly message
   905 | D:2      | Noticed Terence
   908 | D:2      | XOM: butterfly on damage
   910 | D:2      | XOM: noise
   913 | D:2      | XOM: potion effect (haste)
   918 | D:2      | XOM: cast spell 'Cause Fear'
   945 | D:2      | Reached XP level 3. HP: 13/29 MP: 3/3
   961 | D:2      | Found a faded altar of an unknown god.
  1160 | D:2      | XOM: noise
  1303 | D:2      | Noticed Jessica
  1319 | D:2      | XOM: enchant monster (good)
  1320 | D:2      | Reached skill level 1 in Polearms
  1328 | D:2      | Killed Jessica
  1329 | D:2      | Reached XP level 4. HP: 23/35 MP: 4/4
  1450 | D:2      | XOM: summons friendly iron imp
  1454 | D:2      | HP: 1/35 [Terence/+0 trident (5)]
  1459 | D:2      | Killed Terence
  1460 | D:2      | Reached skill level 1 in Evocations
  1537 | D:2      | XOM: give mutations
  1537 | D:2      | Gained mutation: You are weak. (Str -2) [Xom's mischief]
  1537 | D:2      | Gained mutation: You passively map a small area around you.
                  | [Xom's mischief]
  1537 | D:2      | Gained mutation: Your health recovers twice as slowly from
                  | being drained. [Xom's mischief]
  1537 | D:2      | Gained mutation: Your flesh is heat resistant. (rF+) [Xom's
                  | mischief]
  2100 | D:3      | Reached XP level 5. HP: 36/41 MP: 5/5
  2157 | D:3      | Reached skill level 1 in Stealth
  2422 | D:3      | XOM: 1-stop teleportation journey
  2549 | D:3      | Found a hazy altar of Hepliaklqana.
  2695 | D:4      | Noticed an ogre
  2699 | D:4      | Killed an ogre
  2700 | D:4      | Reached skill level 1 in Spellcasting
  2700 | D:4      | Reached XP level 6. HP: 35/48 MP: 7/7
  3008 | D:4      | Found a glowing drain.
  3008 | D:4      | XOM: 1-stop teleportation journey
  3021 | Sewer    | Entered a sewer
  3034 | Sewer    | HP: 2/48 [crocodile (20)]
  3034 | Sewer    | XOM: butterfly on damage
  3035 | Sewer    | Demolished by a crocodile

Illustrated notes

Levels and vault maps discovered:
D:1:      dpeg_arrival_rhombus, layout_loops_corners, minmay_misc_feat_ornament,
          chequers_serial_rivers_large_a
D:2:      layout_basic, shapermc_ecumenical_altar_notcrosses, uniq_jessica,
          uniq_terence
D:3:      layout_rooms, mainiacjoe_overflow_alcove_1
D:4:      layout_basic, nemelex_xobeh_ov_fountains_minmay, portal_sewer_entry_a,
          minmay_pentomino_pile
Sewer:    sewer_sea

Skill      XL: |  1  2  3  4  5  6 |
---------------+-------------------+-----
Dodging        | 1 2 |  2.2
Armour         | 2 |  2.8
Polearms       | 1 2 |  2.1
Evocations     | 1 |  1.9
Stealth        | 1 |  1.5
Spellcasting   | 1 |  1.1
Fighting       | |  3.9
Axes           | |  3.8
Shapeshifting  | |  0.8

Action                     |  1- 3 |  4- 6 || total
---------------------------+-------+-------++-------
  Melee: Hand axe          |    59 |   116 ||   175
         Dagger            |    54 |    11 ||    65
         Trident           |       |   128 ||   128
    Use: Potion            |     1 |     1 ||     2
         Scroll            |     1 |     4 ||     5
   Stab: Petrified         |     1 |       ||     1
         Confused          |       |     1 ||     1
 Armour: Leather armour    |    49 |     8 ||    57
         Scale mail        |       |    82 ||    82
  Dodge: Dodged            |    34 |    57 ||    91

Table legend: (Time is in decaauts)
 A = Elapsed time spent in this place.
 B = Non-inter-level travel time spent in this place.
 C = Inter-level travel time spent in this place.
 D = Time resting spent in this place.
 E = Time spent auto-exploring this place.
 F = Levels seen in this place.
 G = Mean time per level.
                   A        B        C        D        E       F      G
               +--------+--------+--------+--------+--------+-----+--------+
         Total |   3055 |   2959 |     96 |      0 |   2392 |   5 |  611.0 |
       Dungeon |   3039 |   2943 |     96 |      0 |   2392 |   4 |  759.8 |
         Sewer |     16 |     16 |      0 |      0 |      0 |   1 |   16.0 |
               +--------+--------+--------+--------+--------+-----+--------+

Top non-repeatable levels by time:
     D:2: 1177 daAuts
     D:1: 909 daAuts
     D:3: 501 daAuts
     D:4: 451 daAuts
   Sewer: 16 daAuts
